Unix NetHack Version 5.0.0-0 post-release - last build Jun 10 2026 00:39:30 (3ee93aec679c4c4259841fe613dc97188e26a321,branch:main).

Game began 2026-06-11 11:22:24, ended 2026-06-11 11:36:58.

LDaviesPeters, neutral female human Archeologist

      ------
     #.....|
     #|....|
     #|..<.|
     #|....|                  -----
     #|....-#                 |...|
     #---+--#            #####-...|
     ##  #  #            #    |...-#                                   -------
      #     #######      #    |...|#                                   |.....|
      #    ##     #    ###    -----#                                 ##......|
      #    #      ######           #           ##                    # |.....|
      #    ######### #############################        ##         @ |.....|
      ##   #--------- #             ##   ---.----############       o##.(....|
  -----#   #|.......| #              ####|..>...|          #-.---######-------
  |....#   #........| #                 #.......|          #|....###
  |...|    #|.......-##                  |......|          #|.^.|#
  |....#####|.......|                    --------          #....|
  -----     ---------                                       -----

LDaviesPeters the Field Worker  St:13 Dx:9 Co:12 In:17 Wi:14 Ch:13  Neutral
Dlvl:5  $:0  HP:0(36) Pw:12(12) AC:8  Xp:4 T:1562 

Latest messages:
 You put 361 gold pieces into the sack.
 You climb up the stairs.
 You find a hidden passage.
 You see here 13 gold pieces.
 $ - 13 gold pieces.
 You see here a chest.
 F - a pancake.
 G - a cloudy potion.
 What do you want to use or apply? [abfgmE or ?*] b
 You put 13 gold pieces into the sack.
 You put a cloudy potion into the sack.
 You see here 13 gold pieces.
 $ - 13 gold pieces.
 You see here a food ration.
 You learn more about your items by comparing them.
 d - an uncursed food ration (5 in total).
 What do you want to use or apply? [abfgmE or ?*] b
 You put 13 gold pieces into the sack.
 You kill the gecko!
 The gecko bites!
 You kill the gecko!
 The hill orc wields a curved sword!
 You lash the hill orc.
 You miss the hill orc.
 The hill orc swings her curved sword.
 The hill orc hits!
 You lash the hill orc.
 The hill orc swings her curved sword.
 The hill orc hits!
 You miss the hill orc.
 The hill orc swings her curved sword.
 The hill orc hits!
 You lash the hill orc.
 The hill orc wields a curved sword!
 You find a rolling boulder trap.
 You miss the hill orc.
 The hill orc swings her curved sword.
 The hill orc hits!
 The hill orc throws a crude dagger!
 The crude dagger hits the hill orc.
 Click!  The hill orc triggers a rolling boulder trap.
 The hill orc picks up a crude dagger.
 The hill orc swings her curved sword.
 The hill orc hits!
 You die...
 Do you want your possessions identified? [ynq] (y) y
 Do you want to see your attributes? [ynq] (y) y
 Do you want an account of creatures vanquished? [ynaq] (y) n
 Do you want to see your conduct and achievements? [ynq] (y) y
 Do you want to see the dungeon overview? [ynq] (y) n

Inventory:
 Weapons  (')')
  o - a +0 orcish dagger
  a - a +2 bullwhip (weapon in right hand)
 Armor    ('[')
  c - an uncursed +0 fedora (being worn)
  B - an uncursed +0 pair of jumping boots (being worn)
  h - an uncursed +0 leather jacket (being worn)
 Comestibles  ('%')
  q - 2 uncursed cram rations
  d - 5 uncursed food rations
  F - an uncursed pancake
 Rings    ('=')
  r - an uncursed ring of stealth (on left hand)
 Wands    ('/')
  E - a wand of digging (0:5)
 Tools    ('(')
  b - an uncursed sack containing 11 items
  m - a can of grease (0:20)
  f - a tinning kit (0:69)
 Gems/Stones  ('*')
  g - an uncursed touchstone

Contents of the sack:
  447 gold pieces
  a blessed scroll of confuse monster
  an uncursed scroll of create monster
  an uncursed scroll of earth
  a cursed scroll of food detection
  an uncursed scroll of remove curse
  a cursed scroll of scare monster
  an uncursed potion of gain ability
  3 uncursed potions of healing
  an uncursed potion of restore ability
  a +0 pick-axe

LDaviesPeters the Archeologist's attributes:

Background:
 You were a Field Worker, a level 4 female human Archeologist.
 You were neutral, nominally on a mission for Camaxtli
 who was opposed by Quetzalcoatl (lawful) and Huhetotl (chaotic).
 You were right-handed.
 You were in the Dungeons of Doom, on level 5.
 You entered the dungeon 1562 turns ago.
 You had 104 experience points, 56 more were needed to attain level 5.

Basics:
 You had 0 out of 36 hit points.
 You had all 12 energy points (spell power).
 Your armor class was 8.
 Your wallet was empty, but
 you had 447 zorkmids stashed away in your pack.
 Autopickup was off.

Final Characteristics:
 Your strength was 13 (limit:18/100).
 Your dexterity was 9 (limit:18).
 Your constitution was 12 (limit:18).
 Your intelligence was 17 (limit:18).
 Your wisdom was 14 (limit:18).
 Your charisma was 13 (limit:18).

Final Status:
 You weren't hungry.
 You were unencumbered.
 You were wielding a whip.
 You had basic skill with whip.

Final Attributes:
 You were devoutly aligned.
 You had automatic searching.
 You were stealthy.
 You could jump.
 You were lucky.
 You are dead.

Miscellaneous:
 You didn't encounter any bones levels.
 Total elapsed playing time was 14 minutes and 34 seconds.

Major events:
 Turn
    1: LDaviesPeters the neutral female human Archeologist entered the dungeon
  613: attained the rank of Field Worker (level 3)
  908: entered the Gnomish Mines
 1562: killed by a hill orc

You didn't know any spells.

Skills:
 Fighting Skills
   bare handed combat [Unskilled]
   two weapon combat  [Unskilled]
   riding             [Unskilled]
 Weapon Skills
   dagger             [Unskilled]
   knife              [Unskilled]
   pick-axe           [Basic]
   short sword        [Unskilled]
   saber              [Unskilled]
   club               [Unskilled]
   quarterstaff       [Unskilled]
   sling              [Unskilled]
   dart               [Unskilled]
   boomerang          [Unskilled]
   whip               [Basic]
   unicorn horn       [Unskilled]
 Spellcasting Skills
   attack spells      [Unskilled]
   healing spells     [Unskilled]
   divination spells  [Unskilled]
   matter spells      [Unskilled]

Voluntary challenges:
 Character rerolling was not enabled.
 You were an atheist.
 You never genocided any monsters.
 You never polymorphed an object.
 You never changed form.
 You used no wishes.
Achievements:
 You attained the rank of Field Worker.
 You entered the Gnomish Mines.
 You entered a shop.

 The Dungeons of Doom: levels 1 to 6
    Level 1:
    Level 2:
       A fountain.
    Level 3:
       A fountain.
       Stairs down to The Gnomish Mines.
    Level 4:
       A scroll shop, some fountains, a sink.
    Level 5: <- You were here.
       Final resting place for
          you, killed by a hill orc.
    Level 6:
 The Gnomish Mines:
    Level 4:


Vanquished creatures:
  2 giant ants
  a giant bat
  2 acid blobs
  a coyote
  a large kobold
  a hobgoblin
  a gnome
  2 geckos
  2 foxes
  a kobold
  2 goblins
  2 grid bugs
  3 lichens
  a kobold zombie
  4 newts
26 creatures vanquished.

No species were genocided or became extinct.

Game over:
                       ----------
                      /          \
                     /    REST    \
                    /      IN      \
                   /     PEACE      \
                  /                  \
                  |  LDaviesPeters   |
                  |      447 Au      |
                  | killed by a hill |
                  |       orc        |
                  |                  |
                  |                  |
                  |       2026       |
                 *|     *  *  *      | *
        _________)/\\_//(\/(/\)/\//\/|_)_______

Goodbye LDaviesPeters the Archeologist...

You died in The Dungeons of Doom on dungeon level 5 with 1079 points,
and 447 pieces of gold, after 1562 moves.
You were level 4 with a maximum of 36 hit points when you died.

